 Dungeon Crawl Stone Soup version 0.17.0-26-gececa24 (console) character file.

2101 Kloppie the Cleaver (level 9, -15/85 HPs)
             Began as a Hill Orc Fighter on Nov 20, 2015.
             Was an Initiate of Elyvilon.
             Demolished by an orc wizard
             ... wielding a +1 dagger of electrocution
              (19 damage)
             ... on level 7 of the Dungeon.
             The game lasted 00:10:11 (6606 turns).

Kloppie the Cleaver (Hill Orc Fighter)              Turns: 6606, Time: 00:10:11

Health: -15/85     AC: 15    Str: 19    XL:     9   Next: 28%
Magic:  12/12      EV:  3    Int:  8    God:    Elyvilon [......]
Gold:   192        SH:  9    Dex: 13    Spells: 0 memorised, 8 levels left

rFire  . . .     SeeInvis .     a - +1 war axe
rCold  . . .     Clarity  .     h - +0 plate armour
rNeg   . . .     SustAt   .     c - +0 shield
rPois  .         Gourm    .     u - +1 helmet
rElec  .         Spirit   .     (no cloak)
rCorr  .         Warding  .     (no gloves)
rMut   .         Stasis   .     i - +1 pair of boots
MR     .....                    (no amulet)
Stlth  ..........               (no ring)
                                G - ring of flight

@: not resistant to hostile enchantments, extremely unstealthy
A: no striking features
a: Renounce Religion, Evoke Flight


You were on level 7 of the Dungeon.
You worshipped Elyvilon.
Elyvilon was noncommittal.
You were not hungry.

You visited 2 branches of the dungeon, and saw 8 of its levels.

You collected 299 gold pieces.
You spent 107 gold pieces at shops.

Inventory:

Hand Weapons
 a - a +1 war axe (weapon)
Armour
 b - a +0 scale mail
 c - a +0 shield (worn)
 h - a +0 plate armour (worn)
 i - a +1 pair of boots (worn)
 u - a +1 helmet (worn)
Jewellery
 G - a ring of flight (left hand)
Wands
 z - a wand of polymorph (4)
Scrolls
 d - 2 scrolls of blinking
 j - 10 scrolls of identify
 p - a scroll of fear
 s - a scroll of remove curse
 y - a scroll of fog
 A - a scroll of silence
 C - 2 scrolls of enchant weapon
 D - 2 scrolls of teleportation
 F - a scroll of enchant armour
Potions
 f - a potion of cure mutation
 l - 2 potions of lignification
 m - 2 potions of curing {unknown}
 n - a potion of might
 o - 2 potions of poison {unknown}
 q - 3 potions of agility {unknown}
 x - 2 potions of haste {unknown}
Books
 w - a book of Summonings

   Spells                             Type                      Level
   a - Recall                         Summoning/Translocation      3
   b - Aura of Abjuration             Summoning                    5
   c - Shadow Creatures               Summoning                    5
   d - Summon Demon                   Summoning                    5
   e - Summon Forest                  Summoning/Translocation      5
   f - Summon Mana Viper              Hexes/Summoning              5
Comestibles
 e - 2 bread rations
 g - 3 royal jellies
 k - 4 meat rations
 r - 3 fruits
 t - a beef jerky
 v - a slice of pizza


   Skills:
 + Level 10.1 Fighting
 + Level 10.7 Axes
 - Level 3.2 Armour
 - Level 3.2 Shields
 + Level 4.8 Invocations


You had 8 spell levels left.
You didn't know any spells.

Dungeon Overview and Level Annotations

Branches:
Dungeon (7/15)             Temple (1/1) D:4

Altars:
Ashenzari
Cheibriados
Dithmenos
Elyvilon
Fedhas
Gozag
Makhleb
Nemelex Xobeh
Okawaru
Qazlal
Ru
Sif Muna
Trog
Xom
Yredelemnul
Zin

Shops:
D:4 *   D:5 %


Message History

You kill the orc!
You miss something. Something hits you but does no damage. Something hits you.
* * * LOW HITPOINT WARNING * * *
Something hits you but does no damage.
Items here: ))) [ †† Something hits you but does no damage.
You closely miss something. Something hits you but does no damage.
You are electrocuted!
* * * LOW HITPOINT WARNING * * *
Something completely misses you.
You miss something.
You hear some strange, mumbled words.
A puff of frost appears from out of thin air!
The puff of frost hits you!
* * * LOW HITPOINT WARNING * * *
Something hits you but does no damage.
Your shield and plate armour prevent you from hitting something.
Something hits you but does no damage.
You are electrocuted!
You die...

## ##### ######
.####...## #....#
..##.....## #....#
..........# #....#
..........# #....#
..#.......# ###)...#
.###.....####..[...#
####.....#..#.#)@..#
............#.#.####
.##........##.#.#
###.......###.#.#
##..........#.#
.####.....#####.#
......#.(.# #.#
..#.#.....# #.#
##......## .


There were no monsters in sight!

Vanquished Creatures
  A hippogriff (D:7)
  An orc warrior (D:5)
  3 sky beasts
  3 ogres
  A big kobold (D:7)
  2 giant frogs
  A scorpion (D:6)
  4 wights (D:7)
  6 crimson imps
  A giant frog zombie (D:7)
  A hound (D:6)
  A jelly (D:5)
  4 orc wizards
  5 worker ants
  2 orc priests (D:6)
  A hound zombie (D:5)
  Robin (D:2)
  9 gnolls
  12 adders
  2 shadow imps
  2 adder skeletons
  A worm (D:4)
  A giant gecko (D:2)
  18 orcs
  6 bats
  6 giant cockroaches
  11 hobgoblins
  20 jackals
  4 quokkas
  A giant newt (D:1)
  10 goblins
  A jackal skeleton (D:6)
  13 kobolds
  8 rats
163 creatures vanquished.

Notes
Turn   | Place    | Note
--------------------------------------------------------------
     0 | D:1      | Kloppie the Hill Orc Fighter began the quest for the Orb.
     0 | D:1      | Reached XP level 1. HP: 19/19 MP: 1/1
    75 | D:1      | Reached XP level 2. HP: 25/27 MP: 2/2
   118 | D:1      | Reached skill level 4 in Fighting
   619 | D:2      | Reached XP level 3. HP: 33/33 MP: 3/3
   867 | D:2      | Reached XP level 4. HP: 38/41 MP: 4/4
  1184 | D:2      | Reached skill level 5 in Axes
  1445 | D:2      | Reached skill level 5 in Fighting
  1529 | D:2      | Reached XP level 5. HP: 22/48 MP: 5/5
  1789 | D:3      | Noticed Robin
  1798 | D:2      | Killed Robin
  2165 | D:3      | Reached skill level 6 in Axes
  2990 | D:4      | Found a staircase to the Ecumenical Temple.
  2996 | Temple   | Entered the Ecumenical Temple
  3199 | D:4      | Reached XP level 6. HP: 57/57 MP: 6/6
  3268 | D:4      | Found a bloodstained altar of Trog.
  3346 | D:4      | Found Kibbiom's Assorted Antiques.
  3354 | D:4      | Bought a scroll labeled ZYIBIOTYCS for 22 gold pieces
  3354 | D:4      | Bought a scroll labeled ODEIPPI FUOFF for 22 gold pieces
  3354 | D:4      | Bought a blue potion for 19 gold pieces
  3354 | D:4      | Bought a scroll of identify for 44 gold pieces
  3488 | D:4      | Found a stormy altar of Qazlal.
  3488 | D:4      | Found a deep blue altar of Sif Muna.
  3550 | D:4      | Found an iron altar of Okawaru.
  3993 | D:4      | Reached skill level 7 in Axes
  4229 | D:5      | Entered Level 5 of the Dungeon
  4335 | D:5      | Reached XP level 7. HP: 59/64 MP: 7/7
  4518 | D:5      | Found Igreopsa's Food Emporium.
  4531 | D:5      | Reached skill level 8 in Axes
  4919 | D:6      | Found Ucidujil's Book Emporium.
  4959 | D:6      | Reached XP level 8. HP: 20/74 MP: 8/8
  5275 | D:6      | Reached skill level 9 in Axes
  5349 | D:6      | Found a white marble altar of Elyvilon.
  5775 | D:6      | Became a worshipper of Elyvilon the Healer
  5899 | D:6      | Reached skill level 1 in Invocations
  6085 | D:6      | Reached skill level 10 in Axes
  6299 | D:7      | Reached XP level 9. HP: 73/85 MP: 11/11
  6457 | D:7      | Reached skill level 10 in Fighting
  6605 | D:7      | HP: 4/85 [something/puff of frost (2)]
  6606 | D:7      | Demolished by an orc wizard

Action                   |  1- 3 |  4- 6 |  7- 9 || total
-------------------------+-------+-------+-------++-------
Melee: War axe           |    88 |   250 |   232 ||   570
  Use: Scroll            |       |    10 |     4 ||    14
       Potion            |       |     1 |       ||     1
  Eat: Chunk             |       |    11 |     8 ||    19
